Map: 프라이드 오브 알타리스 - 래더

Players

ByuN - Winner!

  • Race: Terran Terran

Zoun

  • Race: Protoss Protoss
  • League: Master

Event: DreamHack SC2 Masters Last Chance 2022

VOD

Have the link to the VOD?

Description

Time

  • Played on: Dec. 15, 2021, 5:41 a.m.
  • Length: 14:33

All games in this series

Show
View Real Time Build Order
Export as new Build Order

ByuN Terran - Winner!

Build Orders:  

Get SALT Encoding   

  12  0:00  SCV  
  13  0:12  SCV  
  14  0:17  Supply Depot  
  14  0:24  SCV  
  15  0:38  SCV  
  15  0:39  Barracks  
  16  0:45  Refinery  
  16  0:50  SCV  
  16  0:54  Refinery  
  17  1:03  SCV  
  18  1:15  SCV  
  20  1:25  Reaper  
  20  1:27  Orbital Command  
  20  1:42  Factory  
  20  1:47  Supply Depot  
  20  1:52  SCV  
  21  2:05  SCV  
  22  2:17  SCV  
  23  2:23  Barracks Reactor, Command Center  
  23  2:26  Widow Mine  
  23  2:29  SCV  
  26  2:35  Starport  
  26  2:43  SCV  
  27  2:48  Supply Depot, Factory Tech Lab  
  27  2:55  SCV  
  28  3:00  Marine  
  28  3:02  Marine  
  29  3:07  SCV  
  29  3:10  Widow Mine  
  32  3:19  SCV  
  32  3:20  Medivac, Marine  
  35  3:28  Marine  
  35  3:32  SCV  
  37  3:36  Widow Mine  
  39  3:49  Supply Depot  
  39  3:57  SCV, Marine x2  
  42  4:04  Orbital Command  
  42  4:05  Factory Tech Lab  
  42  4:08  Bunker  
  42  4:09  SCV  
  43  4:12  Raven, Barracks  
  45  4:21  SCV  
  46  4:25  Siege Tank  
  46  4:26  Marine x2  
  51  4:32  SCV  
  51  4:33  SCV  
  51  4:37  Supply Depot  
  53  4:44  SCV  
  54  4:45  SCV  
  54  4:46  Marine x2  
  54  4:52  Supply Depot  
  57  4:56  SCV  
  57  4:57  SCV  
  57  4:58  Siege Tank  
  62  5:02  Barracks  
  62  5:08  SCV, Marine x2  
  62  5:10  SCV  
  62  5:12  Marine  
  66  5:17  Stimpack  
  66  5:18  Engineering Bay  
  66  5:21  SCV  
  67  5:22  SCV, Refinery  
  68  5:28  Marine x2  
  68  5:29  Supply Depot  
  68  5:30  Marine  
  68  5:34  Siege Tank  
  74  5:38  SCV x2  
  74  5:50  SCV x2  
  74  5:54  Marine  
  74  5:55  Marauder, Barracks Tech Lab, Marine  
  74  5:56  Starport Reactor  
  80  5:57  Terran Infantry Weapons Level 1  
  80  6:02  SCV x2  
  82  6:07  Supply Depot, Refinery  
  82  6:09  Supply Depot  
  82  6:14  Combat Shield  
  82  6:15  Marauder  
  86  6:18  Marauder  
  86  6:28  Marine x2  
  86  6:29  Siege Tank  
  86  6:32  Supply Depot  
  91  6:38  Medivac  
  91  6:43  Medivac  
  91  6:49  Marauder, Marine x2  
  91  6:50  Marauder  
  97  6:55  Supply Depot  
  97  6:58  Concussive Shells  
  97  7:00  SCV x2  
  99  7:05  Command Center  
  99  7:12  Marauder x2, Marine  
  99  7:14  Marine  
  103  7:26  Siege Tank  
  103  7:27  SCV x2  
  104  7:30  Supply Depot  
  104  7:31  Medivac  
  104  7:32  Medivac  
  104  7:36  Marauder x2  
  104  7:37  Marine  
  110  7:38  Marine  
  110  7:40  Barracks  
  110  7:41  Barracks  
  112  7:45  SCV x2  
  114  7:58  Marauder x2  
  111  7:59  Marine x2  
  111  8:02  Siege Tank  
  111  8:04  SCV  
  98  8:13  Liberator  
  98  8:14  Liberator  
  98  8:16  SCV x2  
  98  8:19  Orbital Command  
  102  8:27  Marine  
  102  8:28  Marauder x2, SCV, Marine  
  102  8:29  SCV, Barracks Reactor  
  102  8:30  Barracks Tech Lab  
  110  8:39  Terran Infantry Armor Level 1  
  110  8:41  SCV x2  
  99  8:50  Marauder x2, SCV, Marine x2  
  99  8:52  Refinery  
  99  8:53  SCV x2  
  94  8:55  Marauder  
  94  8:56  Refinery  
  94  9:02  SCV  
  85  9:04  Viking  
  85  9:05  SCV x2  
  85  9:07  Marine  
  90  9:11  Marauder x2  
  90  9:12  Marine x2  
  90  9:14  SCV, Viking  
  101  9:17  Marauder  
  101  9:18  Siege Tank  
  101  9:19  Marine  
  105  9:25  SCV x2, Ghost Academy  
  105  9:26  SCV  
  105  9:27  Marine  
  109  9:32  Marauder  
  109  9:33  Marauder  
  109  9:34  Marine x2  
  109  9:37  Viking  
  117  9:41  Marauder  
  117  9:45  SCV x3  
  122  9:47  Supply Depot  
  122  9:50  Viking  
  124  9:53  Siege Tank  
  124  9:55  Marine  
  124  9:56  Marine x2  
  130  10:01  Marauder x2  
  130  10:05  Marauder  
  134  10:10  Viking  
  136  10:15  Marine x4  
  136  10:16  Enhanced Shockwaves  
  139  10:24  Ghost  
  141  10:29  Supply Depot x2  
  141  10:36  Sensor Tower  
  141  10:37  Missile Turret  
  141  10:50  Marine x4, Ghost x2  
  141  10:53  Marauder, Supply Depot x2  
  151  11:03  Command Center  
  151  11:08  Marine x2  
  153  11:13  Marine  
  153  11:14  Marine, Ghost  
  153  11:16  Supply Depot  
  157  11:18  Supply Depot, Ghost x2  
  157  11:21  Missile Turret  
  157  11:24  Medivac  
  163  11:27  Medivac  
  165  11:33  Marine x4  
  165  11:37  Siege Tank  
  174  11:47  Marauder  
  174  11:48  Marauder x2  
  174  11:51  Marine x3  
  185  12:06  Liberator  
  185  12:07  Liberator  
  188  12:08  Marauder  
  174  12:15  Marine  
  174  12:16  Marine x3  
  178  12:23  Ghost  
  178  12:24  Ghost  
  178  12:29  Ghost  
  180  12:53  Marauder x2  
  186  12:58  Marauder  
  180  13:13  Engineering Bay, Armory, Ghost  
  180  13:14  Ghost  
  180  13:19  Ghost  
  185  13:33  Marine x2  
  177  13:39  Liberator x2  
  178  13:43  Marauder x2  
  178  13:48  Marauder  
  167  13:58  Marine x2  
  155  14:04  Marauder x2, SCV x2  
  155  14:09  Marauder  
  157  14:10  Marine  
  157  14:11  Marine  
Show
View Real Time Build Order
Export as new Build Order

Zoun Protoss 

Build Orders: 1 Gate Expand, Blink Stalkers, Colossus Rush 

Get SALT Encoding   

  12  0:00  Probe  
  13  0:12  Probe  
  14  0:16  Pylon  
  14  0:24  Probe (Chrono Boost)  
  16  0:36  Probe (Chrono Boost)  
  16  0:37  Gateway  
  16  0:43  Probe (Chrono Boost)  
  16  0:45  Assimilator  
  17  0:50  Probe  
  18  1:03  Probe  
  19  1:15  Probe  
  20  1:24  Cybernetics Core  
  20  1:27  Zealot  
  22  1:38  Nexus  
  22  1:45  Pylon  
  22  1:48  Probe  
  23  1:55  Assimilator  
  23  2:00  Adept (Chrono Boost)  
  23  2:03  Probe  
  26  2:11  Shield Battery  
  26  2:12  Warp Gate  
  26  2:16  Probe  
  27  2:25  Stalker  
  27  2:28  Probe  
  30  2:40  Probe (Chrono Boost)  
  31  2:48  Twilight Council  
  31  2:50  Probe (Chrono Boost)  
  32  2:52  Probe (Chrono Boost)  
  34  2:59  Probe (Chrono Boost)  
  34  3:00  Probe (Chrono Boost)  
  34  3:04  Probe (Chrono Boost)  
  34  3:06  Probe  
  36  3:15  Stalker  
  36  3:16  Probe  
  36  3:18  Probe  
  40  3:24  Blink (Chrono Boost)  
  40  3:26  Gateway  
  40  3:28  Probe  
  41  3:34  Probe  
  41  3:40  Probe  
  43  3:42  Pylon  
  43  3:44  Robotics Facility  
  43  3:47  Probe  
  44  3:53  Probe  
  45  3:56  Assimilator  
  45  3:58  Shield Battery  
  45  4:03  Stalker, Probe  
  45  4:08  Probe  
  49  4:16  Probe  
  50  4:20  Stalker, Pylon  
  50  4:22  Probe  
  53  4:30  Probe  
  54  4:34  Pylon  
  54  4:39  Observer, Nexus  
  54  4:42  Probe  
  56  4:49  Stalker x2  
  56  4:50  Probe  
  61  4:55  Probe  
  62  5:01  Robotics Bay, Observer  
  62  5:02  Assimilator  
  62  5:06  Shield Battery  
  63  5:07  Probe x2  
  63  5:13  Stalker  
  67  5:15  Stalker  
  67  5:19  Probe  
  67  5:20  Observer  
  70  5:23  Pylon  
  70  5:30  Charge  
  70  5:38  Pylon  
  70  5:41  Probe x2  
  72  5:49  Colossus (Chrono Boost)  
  72  5:50  Gateway  
  72  5:53  Gateway, Probe x2  
  72  5:55  Probe  
  72  5:56  Observer  
  81  6:01  Extended Thermal Lance  
  81  6:03  Observer  
  81  6:05  Stalker  
  81  6:06  Stalker  
  81  6:09  Probe x2  
  87  6:20  Gateway  
  87  6:21  Probe x2  
  87  6:23  Gateway  
  89  6:31  Observer  
  89  6:33  Colossus (Chrono Boost)  
  89  6:37  Stalker x2  
  99  6:46  Observer  
  99  6:49  Stalker  
  99  6:52  Pylon  
  101  6:56  Gateway x2  
  101  6:59  Pylon  
  101  7:05  Pylon  
  101  7:10  Probe x3  
  101  7:12  Forge  
  101  7:14  Sentry  
  104  7:15  Colossus (Chrono Boost)  
  104  7:16  Assimilator  
  104  7:17  Assimilator  
  104  7:22  Probe x2  
  112  7:23  Probe  
  108  7:32  Zealot x2  
  108  7:34  Probe x2  
  108  7:35  Zealot x2  
  108  7:36  Zealot  
  120  7:39  Probe  
  120  7:41  Protoss Ground Weapons Level 1 (Chrono Boost)  
  121  7:45  Templar Archives  
  121  7:46  Probe x2  
  121  7:47  Zealot  
  125  7:55  Observer  
  125  7:57  Zealot x4  
  121  8:01  Observer, Zealot x2  
  123  8:11  Stalker  
  123  8:12  Stalker  
  115  8:17  Stalker x3  
  115  8:18  Stalker  
  123  8:23  Stalker  
  125  8:28  Zealot  
  125  8:33  Nexus  
  125  8:37  Pylon  
  123  8:47  Observer  
  111  8:50  Zealot x5  
  97  9:04  Stalker x3  
  97  9:09  Probe x3  
  100  9:10  Shield Battery  
  100  9:12  Warp Prism (Chrono Boost)  
  100  9:14  High Templar x4  
  109  9:19  Archon x2, Sentry  
  111  9:24  Forge  
  111  9:27  Gateway  
  111  9:28  High Templar x2  
  111  9:30  Gateway  
  115  9:32  Stalker, Archon  
  115  9:35  Probe x2  
  119  9:41  Observer  
  119  9:44  Stalker  
  119  9:45  Protoss Ground Weapons Level 2 (Chrono Boost)  
  122  9:46  Stalker x2  
  122  9:47  Stalker  
  128  9:55  Robotics Facility  
  128  9:57  Protoss Ground Armor Level 1 (Chrono Boost)  
  128  10:07  High Templar  
  128  10:08  Zealot x3, High Templar  
  128  10:10  Zealot x2  
  128  10:11  Probe x2  
  128  10:12  Archon, Probe  
  145  10:17  Pylon  
  145  10:27  Disruptor  
  148  10:32  Assimilator  
  148  10:33  Assimilator  
  148  10:35  Probe x2  
  150  10:36  Pylon  
  150  10:37  Pylon  
  150  10:50  Stalker x3  
  150  10:54  Zealot x4, Dark Shrine  
  164  11:00  Photon Cannon  
  164  11:02  Photon Cannon  
  164  11:04  Disruptor x2  
  164  11:05  Pylon  
  170  11:11  Probe x2  
  170  11:16  Pylon  
  172  11:20  Nexus  
  172  11:21  Photon Cannon, Pylon  
  172  11:23  Photon Cannon, Probe  
  173  11:26  Gateway  
  173  11:27  Gateway  
  173  11:37  High Templar x2  
  175  11:41  Archon, Disruptor, Pylon  
  175  11:42  Disruptor  
  175  11:43  Protoss Ground Armor Level 2 (Chrono Boost)  
  175  11:46  Probe  
  175  11:47  Probe x2  
  184  11:50  Pylon  
  184  12:00  Zealot x2  
  188  12:06  Shield Battery  
  188  12:07  Photon Cannon  
  188  12:09  Photon Cannon  
  188  12:11  Photon Cannon  
  188  12:14  Pylon  
  188  12:17  Disruptor x2  
  188  12:19  Shadow Stride  
  194  12:23  Zealot x3  
  190  12:52  Zealot x3, Dark Templar x2  
  190  12:56  Assimilator  
  190  12:58  Assimilator  
  200  13:04  Dark Templar x4  
  196  13:07  Dark Templar  
  196  13:08  Dark Templar  
  196  13:26  Stargate  
  189  13:28  Gateway  
  189  13:32  Gateway, Disruptor x2 (Chrono Boost)  
  189  13:33  Zealot x4  
  189  13:34  Zealot x2, Gateway  
  157  13:42  Zealot x6  
  145  13:55  Dark Templar x4  
  134  14:00  Zealot x2  
  116  14:05  Zealot x2  
  116  14:06  Zealot x2  
  100  14:10  Zealot x2  
  97  14:20  Photon Cannon  
  97  14:24  Zealot x3  
  86  14:27  Dark Templar x6  
  86  14:29  Dark Templar x4  
  86  14:30  Dark Templar x2  

Tags
 
Add a new tag
Caveats
  • Supply blocks, unpowered buildings, or Contaminate may cause inaccurate times.
  • Supply counts are checked every 10 seconds.